 Dungeon Crawl Stone Soup version 0.28-a0-938-gbc3f381ebc (webtiles) character file.

Game seed: 840667203936630709

1989 mainiacjoe the Thaumaturge (level 9, -16/57 HPs)
             Began as a Djinni Fire Elementalist on Nov 30, 2021.
             Demolished by Harold (19 damage)
             ... on level 7 of the Dungeon.
             The game lasted 00:22:27 (9380 turns).

mainiacjoe the Thaumaturge (DjFE)                   Turns: 9380, Time: 00:22:27

Health: -16/57     AC:  8    Str:  7    XL:     9   Next: 44%
Gold:   46         EV:  7    Int: 20    God:
                   SH:  0    Dex: 14

rFire   + + .      SeeInvis .   b - +10 hand crossbow of Etocsid {penet, rN+ Will+ rCorr}
rCold   x . .      Faith    .   D - +2 buckler
rNeg    + . .      Spirit   .   d - +0 robe
rPois   ∞          Reflect  .   (no helmet)
rElec   .          Harm     .   F - +0 cloak
rCorr   +          Rampage  .   j - +0 pair of gloves
Will    +....                   (boots unavailable)
Stlth   ++........              (no amulet)
HPRegen 0.19/turn               H - +4 ring of protection {=R}
MPRegen 0.00/turn               (no ring)

@: flying, very slightly contaminated, held, studying Throwing
A: sickness immunity, fire resistance 2, cold vulnerability 1, float, innate
caster, hp casting, extra vitality 1
a: no special abilities


You were on level 7 of the Dungeon.
You visited 1 branch of the dungeon, and saw 7 of its levels.

You collected 242 gold pieces.
You spent 196 gold pieces at shops.

Inventory:

Hand Weapons
 a - a +2 dagger of electrocution
 b - the +10 hand crossbow of Etocsid (weapon) {penet, rN+ Will+ rCorr}
   (You acquired it on level 6 of the Dungeon)

   Any ammunition fired by it passes through the targets it hits, potentially
   hitting all targets in its path until it reaches maximum range.
   rN:        It protects you from negative energy.
   rCorr:     It protects you from acid and corrosion.
   Will:      It increases your willpower.
Missiles
 f - 269 stones
 g - 5 curare-tipped darts {=F}
 h - 2 boomerangs
 l - 72 bolts (quivered ammo)
 w - 45 poisoned darts
Armour
 d - a +0 robe (worn)
 j - a +0 pair of gloves (worn)
 D - a +2 buckler (worn)
 F - a +0 cloak (worn)
Magical Staves
 r - a staff of death
Jewellery
 x - a ring of ice
 H - a +4 ring of protection (left hand) {=R}
Wands
 q - a wand of mindburst (30)
 E - a wand of acid (9)
Scrolls
 c - 6 scrolls of teleportation
 e - a scroll of enchant weapon {unknown}
 k - a scroll of amnesia {unknown}
 o - a scroll of blinking {unknown}
 p - a scroll of identify {unknown}
 t - a scroll of fog
 u - a scroll of immolation
 v - a scroll of magic mapping {unknown}
 y - a scroll of fear
 z - a scroll of summoning {unknown}
Potions
 i - 2 potions of brilliance {unknown}
 m - a potion of mutation
 n - a potion of haste {unknown}
 s - a potion of magic {unknown}
 A - 2 potions of curing
 B - a potion of heal wounds
 G - a potion of lignification {unknown}


   Skills:
 + Level 1.5 Fighting
 * Level 2.1 Crossbows
 + Level 3.7 Dodging
 - Level 2.3 Stealth
 - Level 4.0 Shields
 - Level 8.0 Spellcasting


You had 2 spell levels left.
You knew the following spells:

 Your Spells              Type           Power      Damage    Failure   Level
a - Foxfire               Conj/Fire      100%       2x1d9     1%          1
b - Scorch                Fire           80%        2d9       1%          2
c - Inner Flame           Hex/Fire       40%        N/A       1%          3
d - Flame Wave            Conj/Fire      40%        2d8       3%          4
e - Corpse Rot            Necr/Air       80%        N/A       1%          2
f - Static Discharge      Conj/Air       40%        N/A       1%          2
g - Summon Ice Beast      Ice/Summ       40%        N/A       3%          4
s - Animate Skeleton      Necr           80%        N/A       1%          1
z - Conjure Flame         Conj/Fire      40%        6-21      1%          3
Your spell library was empty.

Dungeon Overview and Level Annotations

Branches:
Dungeon (7/15)
 Temple: D:4-7

Altars:
Zin

Shops:
D:1 !   D:5 (

Annotations:
D:7 Harold


Innate Abilities, Weirdness & Mutations

You are immune to sickness and miasma.
You are immune to poison.
Your flesh is very heat resistant. (rF++)
You are vulnerable to cold. (rC-)
You float through the air rather than walking.
You learn spells naturally, not from books.
Your magical power is your life essence.
You have superior vitality. (+4 HP)


Message History

Casting: Flame Wave (dangerous; 3% risk of failure)
Confirm with . or Enter, or press ? or * to list all spells.
Casting: Flame Wave (dangerous; 3% risk of failure)
Press: ? - help, Dir - look around, f - activate A wave of flame ripples out!
The flame wave engulfs Harold!
Harold is moderately wounded.
The flame wave engulfs the necrophage!
The necrophage is heavily damaged. (Press . to intensify the flame waves.)
The necrophage hits you. Harold hits you with a +0 flail.
A wave of flame ripples out!
The flame wave engulfs Harold.
Harold is moderately wounded.
The flame wave engulfs the necrophage.
The necrophage is severely damaged.
The necrophage barely misses you. Harold gestures at you while chanting.
You barely resist.
A wave of flame ripples out!
The flame wave engulfs Harold.
Harold is moderately wounded.
The flame wave engulfs the necrophage.
The necrophage is almost destroyed.
You finish channelling waves of flame.
The necrophage hits you but does no damage.
Harold barely misses you.
Aiming: Corrosive Bolt
Press: ? - help, Shift-Dir - straight line, f - Harold
Aim: Harold, wielding a +0 flail, wearing a +3 scale mail of willpower and quivering a throwing net (moderately wounded, 83% to hit)
The bolt of acid hits Harold!
The acid corrodes Harold!
Harold is heavily wounded.
The necrophage barely misses you. Harold hits you with a +0 flail!!
* * * LOW HITPOINT WARNING * * *
Aiming: Corrosive Bolt
Press: ? - help, Shift-Dir - straight line, f/p - Harold
Aim: Harold, wielding a +0 flail, wearing a +3 scale mail of willpower and quivering a throwing net (heavily wounded, covered in acid, 83% to hit)
The bolt of acid hits Harold!
Harold seems to be corroded for longer.
Harold is severely wounded.
The necrophage hits you.
* * * LOW HITPOINT WARNING * * *
Harold hits you with a +0 flail!!
You die...

.># #.#
########### #.#
#.......@.#
##.####.#######.#
#.......#.....#.#
#..######.###.#.#
#...<...#...#.#.#
#.@n.#..#.#.#.#.#
#.@.........#.#.#
#..##########.#.#
#.............#.#
#.#############.#
#.# #.# #.# #.###
#.# #....
##+######## #####
#.........#


You could see Harold (corroded) and a necrophage.

Vanquished Creatures
  3 orc warriors
  A water moccasin (D:6)
  A black bear (D:6)
  2 sky beasts
  3 ogres
  2 phantoms
  A gnoll sergeant (D:5)
  A wyvern skeleton (D:5)
  A scorpion (D:4)
  A howler monkey (D:6)
  A centaur zombie (D:5)
  2 bullfrog zombies
  3 jellies
  Crazy Yiuf (D:5)
  An orc priest (D:3)
  A bullfrog skeleton (D:3)
  Jessica (D:3)
  2 iguanas
  4 orc wizards
  Ijyb (D:3)
  A hound zombie (D:5)
  A howler monkey skeleton (D:5)
  3 gnolls (D:5)
  8 adders
  A shadow imp (D:5)
  A worm (D:2)
  3 dart slugs
  16 orcs
  9 ball pythons
  3 bats
  6 endoplasms
  4 giant cockroaches
  6 goblins
  5 hobgoblins
  5 jackals (D:1)
  11 kobolds
  5 quokkas
  2 frilled lizards (D:3)
  7 rats
130 creatures vanquished.

Vanquished Creatures (others)
  225 foxfires
  2 plants (D:5)
227 creatures vanquished.

Grand Total: 357 creatures vanquished

Notes
Turn   | Place    | Note
-------+----------+-------------------------------------------
     0 | D:1      | mainiacjoe the Djinni Fire Elementalist began the quest for
                  | the Orb.
     0 | D:1      | Reached XP level 1. HP: 15/15 MP: 0/0
   393 | D:1      | Reached XP level 2. HP: 18/21 MP: 0/0
   810 | D:1      | Found Ehatobeu's Distillery.
   820 | D:1      | Bought a potion of degeneration for 14 gold pieces
   918 | D:1      | Reached XP level 3. HP: 24/25 MP: 0/0
   918 | D:1      | Learned a level 1 spell: Animate Skeleton
  1151 | D:1      | Found a faded altar of an unknown god.
  1813 | D:2      | Reached XP level 4. HP: 28/31 MP: 0/0
  2163 | D:2      | Reached skill level 3 in Spellcasting
  2638 | D:3      | Reached XP level 5. HP: 28/35 MP: 0/0
  2638 | D:3      | Learned a level 2 spell: Static Discharge
  2718 | D:3      | Noticed Ijyb
  2722 | D:3      | Killed Ijyb
  3107 | D:3      | Reached skill level 4 in Spellcasting
  3533 | D:3      | Noticed Jessica
  3545 | D:3      | Killed Jessica
  3546 | D:3      | Reached XP level 6. HP: 10/40 MP: 0/0
  4953 | D:4      | Noticed an orc warrior
  5076 | D:1      | Bought a potion of heal wounds for 70 gold pieces
  5161 | D:4      | Reached skill level 5 in Spellcasting
  5187 | D:4      | Reached XP level 7. HP: 41/45 MP: 0/0
  5187 | D:4      | Learned a level 2 spell: Corpse Rot
  5402 | D:4      | Reached skill level 6 in Spellcasting
  5788 | D:5      | Entered Level 5 of the Dungeon
  5991 | D:5      | Reached XP level 8. HP: 45/50 MP: 0/0
  6044 | D:5      | Reached skill level 7 in Spellcasting
  6478 | D:5      | Reached skill level 1 in Shields
  6540 | D:5      | Found a runed translucent door.
  6541 | D:5      | Noticed Crazy Yiuf
  6546 | D:5      | Killed Crazy Yiuf
  6778 | D:5      | Found a glowing silver altar of Zin.
  7082 | D:5      | Found Cail's Antique Weapon Boutique.
  7221 | D:6      | Acquired a manual of Throwing
  7222 | D:6      | Acquired the +10 hand crossbow of Etocsid {penet, rN+ Will+
                  | rCorr}
  7266 | D:5      | HP: 2/50 [orc warrior (12)]
  7672 | D:6      | Reached XP level 9. HP: 53/55 MP: 0/0
  7672 | D:6      | Learned a level 4 spell: Summon Ice Beast
  8073 | D:1      | Bought a potion of mutation for 112 gold pieces
  8431 | D:6      | Reached skill level 8 in Spellcasting
  8461 | D:6      | Reached skill level 1 in Crossbows
  8525 | D:6      | Reached skill level 1 in Fighting
  9178 | D:7      | Noticed Harold
  9380 | D:7      | Demolished by Harold

Illustrated notes

Levels and vault maps discovered:
D:1:      dpeg_arrival_simpleton_c, layout_loops_ring,
          chequers_ecumenical_altar_simple, serial_shops,
          nicolae_shop_advertising_works [nicolae_subvault_shop_adworks],
          grunt_decor_mini_mirrors, minmay_cut_off
D:2:      cheibrodos_helix_gallery, layout_loops_ring
D:3:      layout_basic, st_stairs_11, uniq_jessica, uniq_ijyb
D:4:      kennysheep_big_flooded_room, layout_basic,
          nicolae_figureground_sparkle
D:5:      layout_rooms, mainiacjoe_overflow_alcove_4, serial_rivers,
          chequers_serial_rivers_small_3, chequers_serial_rivers_micro_a,
          chequers_serial_rivers_small_b, chequers_serial_rivers_large_b,
          chequers_serial_rivers_micro_b, serial_shops,
          nicolae_shop_overgrown_old_shop, mumra_transporter_accident,
          uniq_crazy_yiuf_cottage
D:6:      layout_basic
D:7:      cheibrodos_barr_body, layout_basic,
          mainiacjoe_overflow_catwalk_spiral, minmay_temple_entry_statues,
          uniq_harold

Skill      XL: |  1  2  3  4  5  6  7  8  9 |
---------------+----------------------------+-----
Stealth        | 2 |  2.3
Dodging        | 3 |  3.7
Spellcasting   | 3 4 5 6 7 8 |  8.0
Shields        | 3 4 |  4.0
Crossbows      | 2 |  2.1
Fighting       | 1 |  1.5

Action                   |  1- 3 |  4- 6 |  7- 9 || total
-------------------------+-------+-------+-------++-------
Melee: Short sword       |     9 |       |       ||     9
       Trident           |       |    34 |       ||    34
       Dagger            |       |       |    12 ||    12
 Fire: Hunting sling     |       |    42 |     8 ||    50
       Hand crossbow     |       |       |    19 ||    19
Throw: Stone             |     6 |    15 |       ||    21
 Cast: Foxfire           |    48 |    41 |    51 ||   140
       Scorch            |    12 |    16 |    23 ||    51
       Conjure Flame     |       |     4 |       ||     4
       Inner Flame       |       |     4 |    19 ||    23
       Animate Skeleton  |       |     2 |       ||     2
       Flame Wave        |       |       |     9 ||     9
Evoke: Wand              |       |       |     2 ||     2
  Use: Scroll            |     1 |       |     6 ||     7
       Potion            |       |       |     3 ||     3
 Stab: Sleeping          |     1 |       |     1 ||     2
Armor: Robe              |     5 |     4 |    15 ||    24
Dodge: Dodged            |    19 |    29 |    30 ||    78
Block: Buckler           |       |       |     6 ||     6

Table legend: (Time is in decaauts)
 A = Elapsed time spent in this place.
 B = Non-inter-level travel time spent in this place.
 C = Inter-level travel time spent in this place.
 D = Time resting spent in this place.
 E = Time spent auto-exploring this place.
 F = Levels seen in this place.
 G = Mean time per level.
                   A        B        C        D        E       F      G
               +--------+--------+--------+--------+--------+-----+--------+
         Total |   9409 |   8741 |    668 |   1722 |   5990 |   7 | 1344.1 |
       Dungeon |   9409 |   8741 |    668 |   1722 |   5990 |   7 | 1344.1 |
               +--------+--------+--------+--------+--------+-----+--------+

Top non-repeatable levels by time:
     D:3: 2115 daAuts
     D:1: 1666 daAuts
     D:5: 1606 daAuts
     D:6: 1488 daAuts
     D:4: 1309 daAuts
     D:2: 1066 daAuts
     D:7: 156 daAuts
